 Dungeon Crawl Stone Soup version 0.27-a0-1196-g3e9cee4cb2 (webtiles) character file.

Game seed: 1439333433899291666

120566 Shayle the Scorcher (level 16, -1/141 HPs)
             Began as a Red Draconian Ice Elementalist on May 29, 2021.
             Was a High Priest of Vehumet.
             Hit by a silver javelin thrown by a merfolk javelineer (3 damage)
             ... on level 4 of the Shoals.
             The game lasted 02:34:52 (42051 turns).

Shayle the Scorcher (DrIE)                         Turns: 42051, Time: 02:34:53

Health: -1/141     AC: 16    Str: 13    XL:     16   Next: 30%
Magic:  15/39      EV: 13    Int: 28    God:    Vehumet [*****.]
Gold:   2302       SH: 10    Dex: 13    Spells: 6/36 levels left

rFire    + . .     SeeInvis .   y - +3 scimitar (flame)
rCold    . . .     Faith    .   i - +0 buckler
rNeg     . . .     Spirit   .   (armour unavailable)
rPois    .         Reflect  +   (helmet restricted)
rElec    .         Harm     .   g - +2 cloak
rCorr    .         Rampage  .   k - +2 pair of gloves
Will     +....                  E - +0 pair of boots of Anucuh {Str+3}
Stlth    ++........             Y - amulet of reflection
HPRegen  0.33/turn              S - ring of magical power
MPRegen  0.26/turn              J - +6 ring of intelligence

@: no status effects
A: breathe fire, AC +9, unfitting armour, fire resistance 1, cold-blooded
a: Breathe Fire, Renounce Religion


You were on level 4 of the Shoals.
You worshipped Vehumet.
Vehumet was extremely pleased with you.
You visited 5 branches of the dungeon, and saw 28 of its levels.

You collected 3801 gold pieces.
You spent 1499 gold pieces at shops.

Inventory:

Hand Weapons
 o - a +2 spear of distortion
 s - a +3 demon trident of electrocution
 y - a +3 scimitar of flaming (weapon)
 z - the +12 hunting sling of World Downfall {venom, rPois rC- Str+2 Stlth+}
   (You found it on level 1 of the Lair of Beasts)

   It poisons the ammo it fires.
   It affects your strength (+2).
   It makes you vulnerable to cold.
   It protects you from poison.
   It makes you more stealthy.
 Q - the +9 quarterstaff "Zyewipt" {freeze, rC+}
   (You found it on level 5 of the Lair of Beasts)

   It has been specially enchanted to freeze those struck by it, causing extra
   injury to most foes and up to half again as much damage against particularly
   susceptible opponents.
   It can also slow down cold-blooded creatures.
   It protects you from cold.
Missiles
 b - 4 throwing nets
 f - 12 curare-tipped darts (quivered)
 F - 4 atropa-tipped darts
Armour
 g - a +2 cloak (worn)
 i - a +0 buckler (worn)
 k - a +2 pair of gloves (worn)
 E - the +0 pair of boots of Anucuh (worn) {Str+3}
   (You found it on level 7 of the Dungeon)

   It affects your strength (+3).
 U - the +0 pair of gloves of the Red Skies {rF- Will+ Int+7}
   (You bought it in a shop on level 14 of the Dungeon)

   It affects your intelligence (+7).
   It makes you vulnerable to fire.
   It increases your willpower.
Jewellery
 J - a +6 ring of intelligence (right hand)
 S - a ring of magical power (left hand)
 Y - an amulet of reflection (around neck)
Wands
 h - a wand of polymorph (10)
 w - a wand of flame (19)
 O - a wand of paralysis (8)
 W - a wand of iceblast (3)
Scrolls
 e - a scroll of fog
 n - a scroll of holy word
 r - 9 scrolls of identify
 u - 7 scrolls of enchant weapon
 A - 3 scrolls of magic mapping
 B - 2 scrolls of enchant armour
 C - a scroll of vulnerability
 L - 5 scrolls of teleportation
 T - a scroll of brand weapon
 V - 3 scrolls of summoning
Potions
 a - 6 potions of mutation
 c - 2 potions of flight
 d - a potion of cancellation
 j - 2 potions of magic {unknown}
 m - 5 potions of might
 p - 2 potions of ambrosia
 q - 3 potions of brilliance
 v - 4 potions of curing
 x - a potion of resistance
 K - 2 potions of invisibility
 N - 3 potions of berserk rage
 X - 6 potions of haste


   Skills:
 - Level 12.4 Fighting
 - Level 3.7 Dodging
 - Level 1.7 Stealth
 - Level 4.0 Shields
 - Level 10.9 Spellcasting
 - Level 11.8 Conjurations
 + Level 18.7 Fire Magic
 - Level 4.4 Ice Magic
 - Level 8.4 Air Magic
 - Level 10.3 Evocations


You had 6 spell levels left.
You knew the following spells:

 Your Spells              Type           Power      Damage    Failure   Level
a - Freeze                Ice            100%       1d11      1%          1
b - Frozen Ramparts       Ice            80%        1d10      1%          3
c - Mephitic Cloud        Conj/Pois/Air  52%        N/A       1%          3
d - Ignite Poison         Fire/Tmut/Pois 50%        N/A       1%          3
e - Airstrike             Air            29%        N/A       1%          4
f - Sticky Flame          Conj/Fire      79%        2d9       1%          4
g - Olgreb's Toxic Radia  Pois           15%        N/A       11%         4
h - Ignition              Fire           44%        3d13      3%          8

Your spell library contained the following spells:

 Spells                   Type           Power      Damage    Failure   Level
 Ozocubu's Refrigeration  Ice            20%        4d9       73%         7
 Conjure Flame            Conj/Fire      79%        6-21      0%          3
 Poisonous Vapours        Pois/Air       78%        N/A       1%          2
 Static Discharge         Conj/Air       64%        N/A       1%          2
 Ozocubu's Armour         Ice            40%        N/A       1%          3
 Hailstorm                Conj/Ice       57%        3d12      1%          4
 Iskenderun's Battlesphe  Conj           69%        2d12      1%          5
 Lightning Bolt           Conj/Air       32%        1d49      1%          5
 Apportation              Tloc           30%        N/A       3%          1
 Beastly Appendage        Tmut           30%        N/A       3%          1
 Sting                    Tmut/Pois      60%        1d6       3%          1
 Summon Small Mammal      Summ           60%        N/A       3%          1
 Call Imp                 Summ           15%        N/A       5%          2
 Wereblood                Tmut           15%        N/A       5%          2
 Freezing Cloud           Conj/Ice/Air   28%        6-21      5%          6
 Summon Lightning Spire   Summ/Air       39%        N/A       6%          4
 Call Canine Familiar     Summ           15%        N/A       11%         3
 Lesser Beckoning         Tloc           7%         N/A       11%         3
 Spider Form              Tmut/Pois      7%         N/A       11%         3
 Summon Guardian Golem    Hex/Summ       15%        N/A       11%         3
 Tukima's Dance           Hex            15%        N/A       11%         3
 Ice Form                 Ice/Tmut       27%        N/A       14%         4
 Summon Ice Beast         Ice/Summ       27%        N/A       14%         4
 Metabolic Englaciation   Hex/Ice        13%        N/A       38%         5
 Alistair's Intoxication  Tmut/Pois      10%        N/A       71%         5
 Hydra Form               Tmut           7%         N/A       71%         5
 Invisibility             Hex            15%        N/A       99%         6
 Spellforged Servitor     Conj/Summ      24%        N/A       54%         7
 Shatter                  Erth           7%         3d10*     100%        9
 Tornado                  Air            29%        N/A       100%        9


Dungeon Overview and Level Annotations

Branches:
Dungeon (15/15)            Temple (1/1) D:7            Lair (6/6) D:11
 Shoals (4/4) Lair:4        Snake (0/4) Lair:3        Slime (0/5) Lair:5
    Orc (2/2) D:11            Elf (0/3) Orc:2        Vaults (0/5) D:13
 Depths (0/5) D:15

Altars:
Ashenzari
Cheibriados
Dithmenos
Elyvilon
Fedhas
Gozag
Hepliaklqana
Kikubaaqudgha
Makhleb
Nemelex Xobeh
Okawaru
Qazlal
Ru
Sif Muna
Trog
Uskayaw
Vehumet
Wu Jian
Xom
Yredelemnul
Zin
The Shining One
Beogh
Jiyva

Shops:
D:6 (   D:14 *   Orc:2 *[:(

Annotations:
D:9 Harold
D:10 2 transporters, Strat's ghost, journeyman KoHu
D:11 1 runed translucent door, oc3rt's ghost, journeyman TeFE
Lair:5 2 transporters, Necwier's ghost, journeyman MiBe
Shoals:4 Mara


Innate Abilities, Weirdness & Mutations

You can breathe blasts of fire.
Your fiery red scales are hard. (AC +9)
You cannot fit into any form of body armour.
Your flesh is heat resistant. (rF+)
You are cold-blooded and may be slowed by cold attacks.


Message History

The fireball engulfs the merfolk aquamancer.
The merfolk aquamancer is heavily wounded.
The fireball engulfs the merfolk javelineer!!
The merfolk javelineer is moderately wounded.
The fireball engulfs the merfolk aquamancer!!
The merfolk aquamancer is almost dead.
The fireball engulfs the merfolk javelineer!!
The merfolk javelineer is severely wounded.
The fireball engulfs the merfolk javelineer!
The merfolk javelineer is almost dead.
The fireball engulfs the merfolk javelineer!
You kill the merfolk javelineer!
Vehumet accepts your kill.
You feel your power returning.
The fireball engulfs the sea snake!!
You kill the sea snake!
Vehumet accepts your kill.
You feel your power returning.
The fireball engulfs the snapping turtle.
The snapping turtle is moderately wounded.
The fireball engulfs the merfolk!!
You kill the merfolk!
Vehumet accepts your kill.
The fireball engulfs the merfolk aquamancer!
You kill the merfolk aquamancer!
Vehumet accepts your kill.
You hear a shout!
You hear an angry hiss.
Mara stops burning.
Mara hits you with a +2 demon blade of electrocution!
* * * LOW HITPOINT WARNING * * *
You are electrocuted!
* * * LOW HITPOINT WARNING * * *
A merfolk impaler comes into view. It is wielding a +1 trident of venom.
A sea snake comes into view.
Unknown command.
You feel better.
The sea snake hisses angrily.
The merfolk javelineer throws a silver javelin.
The silver javelin pierces through you!
* * * LOW HITPOINT WARNING * * *
You die...

≈≈≈≈≈≈≈≈≈≈≈≈≈≈≈≈≈≈≈≈≈≈≈≈≈≈≈≈≈#≈.≈
≈≈≈≈≈≈#######..≈≈≈≈≈..≈≈≈≈≈≈≈#≈.≈
≈≈≈≈≈## ##..≈≈≈≈..≈≈≈≈≈≈≈#≈..
≈≈≈≈# ##≈≈≈≈≈≈≈.. #≈#) ≈≈≈≈
#......... ≈ ##≈# ≈≈≈≈ #.......#
≈≈##≈ ≈≈≈≈ #.......#. ≈≈#≈## ≈≈≈
#......... ≈≈≈≈≈≈ ≈≈ #†@R......
≈≈≈≈≈≈ #†.)....... ≈≈≈≈##
#m))........ ≈ ##≈ #..m.........
##≈. .......°...... #≈..
............... #≈.≈
.............t. #≈.≈
..≈≈≈≈≈######)S #≈.. #≈#)


You could see Mara, a merfolk impaler, a merfolk javelineer, a sea snake and a
snapping turtle.

Vanquished Creatures
  A kraken (Shoals:2)
  2 orc warlords (Orc:2)
  Snorg (D:11)
  2 merfolk javelineers (Shoals:4)
  7 merfolk impalers
  2 merfolk avatars
  A centaur warrior (D:15)
  7 hydras
  Erica (D:10)
  2 two-headed ogres
  5 boulder beetles
  4 merfolk aquamancers
  3 death yaks
  A tengu warrior (D:15)
  2 orc high priests
  Urug (Lair:1)
  2 slime creatures (D:13)
  A fire crab (Lair:3)
  Nergalle (Orc:2)
  2 lindwurms (Lair:6)
  6 sea snakes
  Pikel (D:8)
  5 orc knights
  11 fauns
  3 deep elf pyromancers
  4 orc sorcerers (Orc:2)
  An ugly thing (D:13)
  9 manticores
  3 cyclopes
  8 elephants (Lair:6)
  Joseph (D:8)
  7 merfolk sirens
  4 black mambas
  4 water nymphs
  5 gargoyles
  An unseen horror (shapeshifter) (D:13)
  31 cane toads
  An unseen horror (D:10)
  3 torpor snails
  Psyche (D:10)
  2 rime drakes
  A yaktaur (shapeshifter) (D:13)
  A tengu conjurer (D:15)
  13 komodo dragons
  An efreet (D:13)
  5 trolls
  2 polar bears
  3 harpy zombies (Shoals:2)
  5 tyrant leeches (Lair:6)
  5 wind drakes
  A hornet (D:8)
  22 merfolk
  34 blink frogs
  6 dream sheep
  12 snapping turtles
  5 shadows
  12 water elementals
  2 vampires
  6 wyverns
  3 wraiths
  55 yaks
  4 basilisks
  14 vampire mosquitoes
  4 wargs
  2 nagas (Lair:3)
  14 water moccasins
  2 black bears
  30 orc warriors
  An ice beast (D:5)
  3 sky beasts
  2 necrophages
  6 ogres
  13 wolves
  10 centaurs
  A phantom (D:7)
  5 kobold brigands
  24 bullfrogs
  2 gnoll sergeants (D:10)
  A scorpion (Lair:4)
  A howler monkey (D:5)
  3 electric eels
  A crimson imp (D:6)
  5 centaur zombies
  2 lava snakes (Lair:2)
  16 orc priests
  2 bullfrog skeletons (D:6)
  10 hounds
  4 jellies
  A centaur skeleton (D:3)
  An iguana (D:7)
  23 orc wizards
  7 hell rats
  A scorpion zombie (D:5)
  A howler monkey zombie (D:10)
  3 gnolls (D:10)
  9 adders
  10 river rats (Lair:3)
  2 white imps
  An ufetubus (D:5)
  A worm (D:1)
  2 dart slugs
  60 orcs
  A bat zombie (Shoals:2)
  7 endoplasms
  A giant cockroach (D:4)
  6 goblins
  11 hobgoblins
  9 jackals
  20 kobolds
  3 quokkas
  4 ball pythons
  A bat (D:1)
  A frilled lizard (D:1)
  A quokka skeleton (D:4)
  9 rats
  2 tentacles (Shoals:2)
733 creatures vanquished.

Vanquished Creatures (collateral kills)
  An orc warrior (Orc:2)
  An adder skeleton (D:4)
  2 orcs (Orc:2)
  A goblin (D:4)
5 creatures vanquished.

Vanquished Creatures (others)
  An orc wizard (Orc:2)
  A bush (Lair:6)
  44 fungi
  189 plants
  6 tentacles (Shoals:2)
241 creatures vanquished.

Grand Total: 979 creatures vanquished

Notes
Turn   | Place    | Note
-------+----------+-------------------------------------------
     0 | D:1      | Shayle the Draconian Ice Elementalist began the quest for
                  | the Orb.
     0 | D:1      | Reached XP level 1. HP: 14/14 MP: 3/3
   171 | D:1      | Found a faded altar of an unknown god.
   381 | D:1      | Reached XP level 2. HP: 22/22 MP: 1/5
   585 | D:1      | Reached skill level 1 in Fighting
  1010 | D:2      | Reached XP level 3. HP: 28/28 MP: 3/6
  1042 | D:1      | Learned a level 3 spell: Frozen Ramparts
  1882 | D:2      | Reached XP level 4. HP: 26/36 MP: 3/7
  2539 | D:3      | Reached XP level 5. HP: 42/42 MP: 9/9
  2862 | D:3      | Found a glowing silver altar of Zin.
  2862 | D:3      | Noticed an angel
  3090 | D:4      | Identified the +1 robe "Dyahos" {*Corrode rElec Dex+7
                  | Stlth+}
  3406 | D:4      | Noticed a sky beast
  3425 | D:4      | HP: 1/42 [something (6)]
  3430 | D:4      | Killed a sky beast
  3431 | D:4      | Reached skill level 5 in Ice Magic
  3431 | D:4      | Reached XP level 6. HP: 16/51 MP: 5/11
  3886 | D:4      | Noticed a sky beast
  3946 | D:4      | Killed a sky beast
  4244 | D:4      | Reached skill level 1 in Shields
  4374 | D:5      | Entered Level 5 of the Dungeon
  4562 | D:5      | Your scales start taking on a fiery red colour.
  4562 | D:5      | Reached XP level 7. HP: 58/58 MP: 9/12
  4562 | D:5      | Gained mutation: Your flesh is heat resistant. (rF+) [Red
                  | Draconian growth]
  4567 | D:5      | Learned a level 3 spell: Mephitic Cloud
  4571 | D:5      | Learned a level 3 spell: Ignite Poison
  4667 | D:5      | Found a broken altar of Ashenzari.
  4670 | D:5      | Reached skill level 1 in Conjurations
  4670 | D:5      | Reached skill level 1 in Fire Magic
  4670 | D:5      | Reached skill level 1 in Air Magic
  4832 | D:5      | Found an ornate altar of the Wu Jian Council.
  4832 | D:5      | Found a shadowy altar of Dithmenos.
  4887 | D:5      | Found a sparkling altar of Nemelex Xobeh.
  5384 | D:6      | Reached skill level 2 in Fire Magic
  5544 | D:6      | Reached XP level 8. HP: 60/66 MP: 10/13
  5546 | D:6      | Reached skill level 3 in Fire Magic
  6148 | D:6      | Found Vurior's Antique Weapon Shop.
  6157 | D:6      | Reached skill level 4 in Fire Magic
  6561 | D:7      | Found a staircase to the Ecumenical Temple.
  6610 | Temple   | Entered the Ecumenical Temple
  6617 | Temple   | Became a worshipper of Vehumet
  6786 | D:7      | Reached skill level 5 in Fire Magic
  6864 | D:7      | Identified the +0 pair of boots of Anucuh {Str+3}
  7028 | D:8      | Reached skill level 1 in Evocations
  7345 | D:8      | Reached XP level 9. HP: 66/71 MP: 14/14
  7765 | D:8      | Noticed Joseph
  7785 | D:8      | Found an ancient bone altar of Kikubaaqudgha.
  7820 | D:8      | Killed Joseph
  7820 | D:8      | Reached * piety under Vehumet
  7820 | D:8      | Offered knowledge of Magic Dart by Vehumet.
  7821 | D:8      | Reached skill level 5 in Conjurations
  7821 | D:8      | Reached skill level 6 in Fire Magic
  7821 | D:8      | Reached skill level 5 in Air Magic
  8113 | D:8      | Found a shimmering blue altar of Sif Muna.
  8259 | D:8      | Noticed Pikel
  8272 | D:8      | Killed Pikel
  8962 | D:9      | Reached skill level 7 in Fire Magic
  8966 | D:9      | Reached XP level 10. HP: 60/78 MP: 2/15
  8983 | D:10     | Entered Level 10 of the Dungeon
  9403 | D:9      | Noticed a two-headed ogre
  9411 | D:9      | Killed a two-headed ogre
  9412 | D:9      | Reached skill level 8 in Fire Magic
  9412 | D:9      | Reached skill level 5 in Evocations
  9604 | D:10     | Noticed Psyche
  9772 | D:10     | Noticed Harold
  9775 | D:10     | Offered knowledge of Shock by Vehumet.
 10029 | D:10     | Noticed a gargoyle
 10337 | D:10     | Found a transporter.
 10444 | D:10     | Noticed a moth of wrath
 10704 | D:10     | Noticed Strat's ghost (journeyman KoHu)
 10729 | D:10     | Found a transporter.
 10942 | D:10     | Reached skill level 9 in Fire Magic
 11041 | D:10     | Killed Psyche
 11042 | D:10     | Reached XP level 11. HP: 83/83 MP: 4/16
 11049 | D:10     | Reached ** piety under Vehumet
 11083 | D:10     | Noticed Erica
 11117 | D:10     | Killed Erica
 11548 | D:11     | Found a staircase to the Orcish Mines.
 11731 | D:11     | Found a staircase to the Lair.
 11873 | D:11     | Noticed Snorg
 12479 | D:11     | Noticed a two-headed ogre
 12501 | D:11     | Killed a two-headed ogre
 12502 | D:11     | Reached skill level 10 in Fire Magic
 12951 | D:11     | Found a runed translucent door.
 12951 | D:11     | Noticed oc3rt's ghost (journeyman TeFE)
 13073 | D:11     | Killed Snorg
 13467 | Lair:1   | Entered Level 1 of the Lair of Beasts
 13882 | Lair:1   | Identified the +12 hunting sling of World Downfall {venom,
                  | rPois rC- Str+2 Stlth+}
 13885 | Lair:1   | Noticed a seven-headed hydra
 13907 | Lair:1   | Killed a five-headed hydra
 13908 | Lair:1   | Reached skill level 5 in Fighting
 13911 | Lair:1   | Reached skill level 5 in Spellcasting
 14343 | Lair:1   | Offered knowledge of Static Discharge by Vehumet.
 14498 | Lair:1   | Noticed Urug
 14517 | Lair:1   | Killed Urug
 14518 | Lair:1   | Reached XP level 12. HP: 95/95 MP: 5/20
 14523 | Lair:1   | Identified a scroll of acquirement
 14523 | Lair:1   | Acquired 1127 gold pieces
 15402 | Lair:2   | Noticed a six-headed hydra
 15411 | Lair:2   | Killed a four-headed hydra
 15429 | Lair:2   | Reached *** piety under Vehumet
 15453 | Lair:2   | Offered knowledge of Airstrike by Vehumet.
 15649 | Lair:2   | Learned a level 4 spell: Airstrike
 15833 | Lair:2   | Noticed a death yak
 15834 | Lair:2   | Noticed a death yak
 15844 | Lair:2   | Killed a death yak
 15851 | Lair:2   | Killed a death yak
 16463 | Lair:3   | Found a staircase to the Snake Pit.
 16696 | Lair:3   | Noticed an eight-headed hydra
 16704 | Lair:2   | Killed a seven-headed hydra
 17042 | Lair:3   | Noticed a seven-headed hydra
 17047 | Lair:3   | Killed a five-headed hydra
 17048 | Lair:3   | Reached skill level 10 in Evocations
 17583 | Lair:3   | Reached **** piety under Vehumet
 17760 | Lair:3   | Offered knowledge of Sticky Flame by Vehumet.
 17792 | Lair:3   | Learned a level 4 spell: Sticky Flame
 18387 | Lair:4   | Reached XP level 13. HP: 99/110 MP: 18/24
 21139 | Lair:4   | Found a staircase to the Shoals.
 21148 | Lair:4   | Reached skill level 11 in Fire Magic
 21403 | Lair:4   | Reached skill level 10 in Fighting
 21984 | Lair:5   | Identified the +9 quarterstaff "Zyewipt" {freeze, rC+}
 22015 | Lair:5   | Reached ***** piety under Vehumet
 22051 | Lair:5   | Offered knowledge of Iskenderun's Mystic Blast by Vehumet.
 22303 | Lair:5   | Found a viscous altar of Jiyva.
 22303 | Lair:5   | Found a staircase to the Slime Pits.
 22436 | Lair:5   | Found a transporter.
 22436 | Lair:5   | Noticed Necwier's ghost (journeyman MiBe)
 22444 | Lair:5   | Found a transporter.
 22620 | Lair:5   | Reached skill level 10 in Conjurations
 23032 | Lair:6   | Entered Level 6 of the Lair of Beasts
 23340 | Lair:6   | Reached XP level 14. HP: 112/122 MP: 14/27
 23840 | Lair:6   | Reached skill level 12 in Fire Magic
 25166 | Lair:6   | Reached skill level 10 in Spellcasting
 25396 | Lair:6   | Offered knowledge of Spellforged Servitor by Vehumet.
 26976 | D:12     | You fall into a shaft and drop 3 floors!
 26976 | D:15     | Entered Level 15 of the Dungeon
 26995 | D:15     | Reached skill level 13 in Fire Magic
 27521 | D:14     | Found Edonnedu's Assorted Antiques.
 27529 | D:14     | Bought a triangular peridot amulet for 155 gold pieces
 27529 | D:14     | Bought a pair of translucent gloves for 294 gold pieces
 27529 | D:14     | Identified the +0 pair of gloves of the Red Skies {rF-
                  | Will+ Int+7} (You bought it in a shop on level 14 of the
                  | Dungeon)
 28029 | Orc:1    | Entered Level 1 of the Orcish Mines
 28280 | Orc:2    | Entered Level 2 of the Orcish Mines
 28780 | Orc:2    | Found a staircase to the Elven Halls.
 28900 | Orc:2    | Noticed an orc warlord
 29262 | Orc:2    | Killed an orc warlord
 29831 | Orc:2    | Noticed Nergalle
 29966 | Orc:2    | Offered knowledge of Iskenderun's Battlesphere by Vehumet.
 29967 | Orc:2    | Reached XP level 15. HP: 114/131 MP: 10/29
 30208 | Orc:2    | Killed Nergalle
 30335 | Orc:1    | Learned a level 4 spell: Olgreb's Toxic Radiance
 30501 | Orc:2    | Noticed an orc warlord
 30603 | Orc:2    | Killed an orc warlord
 30913 | Orc:2    | Found Woid's Antique Armour Emporium.
 31022 | Orc:2    | Found Luxul's Antique Weapon Emporium.
 31038 | Orc:2    | Found Pabeg's Book Emporium.
 31046 | Orc:2    | Bought a book of the Tempests for 980 gold pieces
 31055 | Orc:2    | Learned a level 8 spell: Ignition
 31063 | Orc:2    | Found Huycyr's General Store.
 31071 | Orc:2    | Bought a potion of heal wounds for 70 gold pieces
 32964 | D:12     | Reached skill level 14 in Fire Magic
 33467 | D:13     | Offered knowledge of Irradiate by Vehumet.
 34145 | D:13     | Found a gate to the Vaults.
 34359 | Shoals:1 | Entered Level 1 of the Shoals
 35344 | Shoals:1 | Reached skill level 15 in Fire Magic
 37149 | Shoals:2 | Noticed a kraken
 37492 | Shoals:2 | Killed a kraken
 37493 | Shoals:2 | Reached skill level 16 in Fire Magic
 38961 | Shoals:3 | Reached skill level 17 in Fire Magic
 39575 | Shoals:3 | Reached XP level 16. HP: 117/141 MP: 9/30
 40129 | Shoals:4 | Entered Level 4 of the Shoals
 40919 | Shoals:4 | Reached skill level 18 in Fire Magic
 41805 | Shoals:4 | Identified Voyn's Papyrus of Lethal Contamination
 41862 | Shoals:4 | Offered knowledge of Ozocubu's Refrigeration by Vehumet.
 42034 | Shoals:4 | Noticed Mara
 42051 | Shoals:4 | HP: 2/141 [merfolk javelineer/silver javelin (13)]
 42051 | Shoals:4 | Hit by a silver javelin thrown by a merfolk javelineer

Illustrated notes

Levels and vault maps discovered:
D:1:      minmay_arrival_plants_in_alcoves, layout_rooms,
          shapermc_ecumenical_altar_starsandcircs, st_stairs_14
D:2:      layout_basic, bh_walls_and_bars
D:3:      layout_rooms, zin_angel
D:4:      layout_basic, st_stairs_6, minmay_misc_feat_rugged,
          grunt_ministairs_12
D:5:      layout_loops_ring, general_overflow_altar, lemuel_tele_altar,
          gammafunk_temple_overflow_wave, eino_small_chamber_without_monster,
          chequers_serial_rivers_marsh
D:6:      layout_cave_pods, serial_shops, shop, minmay_fire_ice_demons
D:7:      layout_rooms, minmay_temple_entry_ruins
D:8:      layout_layer_cave, nicolae_overflow_crystal_walls,
          lemuel_crystal_altar, uniq_pikel, uniq_joseph
D:9:      layout_rooms, corexii_corridor_pit
D:10:     minmay_four_partial_circles, layout_loops_ring,
          gammafunk_ghost_berserking_beasts, uniq_psyche, uniq_harold,
          uniq_erica
D:11:     layout_loops_corners, erik_lair_island, orc_0_dummy,
          gammafunk_ghost_grave, uniq_snorg
D:12:     layout_gridville, minivault_4
D:13:     layout_roguey, skrybe_vaults_entry_preservation
D:14:     layout_grid_maze, serial_shops, shop, okawaru_trees_1
D:15:     grunt_enter_depths_hoard, layout_loops_corners, minmay_door_square
Temple:   nicolae_temple_no_exploring_needed
Lair:1:   layout_layer_cave, chequers_serial_rivers_marsh,
          chequers_serial_rivers_micro_c, uniq_urug
Lair:2:   layout_gridlike
Lair:3:   layout_chaotic_city, guppyfry_snake_entry_island,
          kennysheep_abandoned_house, grunt_megastairs_4, serial_bayou_shore_b
Lair:4:   nzn_winding_woodlands_stair_cross [nzn_winding_woodlands_5x15_pool,
          nzn_winding_woodlands_center_pierced_h,
          nzn_winding_woodlands_5x15_river_crossing,
          nzn_winding_woodlands_5x5_cross,
          nzn_winding_woodlands_5x5_checkerboard,
          nzn_winding_woodlands_5x15_sidewinder,
          nzn_winding_woodlands_center_triple_pond,
          nzn_winding_woodlands_5x15_default], layout_layer_cave,
          elwin_shoals_entry_stream, lemuel_fruit_fields
Lair:5:   layout_regular_city, dpeg_slime_entry_enclosed_altar,
          gammafunk_ghost_hive, grunt_megastairs_3, infiniplex_staircase_pool
Lair:6:   minmay_lair_end_frog_pond, layout_hall_layers, st_stairs_13,
          serial_bayou_shore_b
Shoals:1: layout_shoals
Shoals:2: layout_shoals, nicolae_shoals_undead_eyrie
Shoals:3: layout_shoals
Shoals:4: shoals_end_hangedman, layout_shoals, uniq_mara
Orc:1:    layout_diamond_mine
Orc:2:    grunt_orc_cross, layout_caves, nicolae_orc_tapped_out

Skill      XL: |  1  2  3  4  5  6  7  8  9 10 11 12 13 14 15 16 |
---------------+-------------------------------------------------+-----
Dodging        | 2 3 |  3.7
Fighting       | 1 2 3 5 8 10 12 | 12.4
Spellcasting   | 3 5 7 9 10 | 10.9
Ice Magic      | 5 4 |  4.4
Shields        | 1 3 4 |  4.0
Conjurations   | 2 4 6 7 8 10 11 | 11.8
Fire Magic     | 2 5 7 9 10 11 13 17 18 | 18.7
Air Magic      | 2 4 6 7 8 |  8.4
Evocations     | 1 4 6 8 10 | 10.3
Stealth        | |  1.7

Action                   |  1- 3 |  4- 6 |  7- 9 | 10-12 | 13-15 | 16-18 || total
-------------------------+-------+-------+-------+-------+-------+-------++-------
Melee: Unarmed           |     9 |       |       |       |       |       ||     9
       War axe           |    54 |   137 |   246 |   182 |       |       ||   619
       Tailslap          |     7 |    12 |    29 |    48 |    64 |    12 ||   172
       Scimitar          |       |       |       |   146 |   385 |    54 ||   585
Throw: Dart              |       |       |     7 |     7 |       |     2 ||    16
 Cast: Freeze            |    33 |    11 |    23 |     2 |     5 |     1 ||    75
       Frozen Ramparts   |     1 |     6 |    16 |    40 |    69 |     6 ||   138
       Mephitic Cloud    |       |       |     8 |    48 |    52 |    14 ||   122
       Ignite Poison     |       |       |     1 |    16 |    34 |    18 ||    69
       Airstrike         |       |       |       |    29 |   373 |    24 ||   426
       Sticky Flame      |       |       |       |     3 |   113 |     7 ||   123
       Olgreb's Toxic Ra |       |       |       |       |    10 |    12 ||    22
       Ignition          |       |       |       |       |     8 |     3 ||    11
 Abil: Breathe Fire      |       |       |    11 |    29 |    22 |     1 ||    63
Evoke: Wand              |       |       |       |     3 |    64 |     5 ||    72
  Use: Scroll            |       |     5 |     8 |    12 |    10 |     1 ||    36
       Potion            |       |     3 |       |     6 |     6 |     4 ||    19
 Stab: Sleeping          |     2 |     1 |     1 |     1 |     1 |       ||     6
       Confused          |       |       |       |     5 |     2 |     1 ||     8
       Paralysed         |       |       |       |       |       |     5 ||     5
Armor: Skin              |    30 |    73 |   120 |   204 |   213 |    22 ||   662
Dodge: Dodged            |    50 |   143 |   308 |   382 |   455 |    45 ||  1383
Block: Buckler           |     2 |    22 |    88 |   130 |   175 |    28 ||   445
       Reflection        |       |       |       |       |    12 |     3 ||    15
       Rpst.: Scimitar   |       |       |       |    28 |    98 |    14 ||   140

Table legend: (Time is in decaauts)
 A = Elapsed time spent in this place.
 B = Non-inter-level travel time spent in this place.
 C = Inter-level travel time spent in this place.
 D = Time resting spent in this place.
 E = Time spent auto-exploring this place.
 F = Levels seen in this place.
 G = Mean time per level.
                   A        B        C        D        E       F      G
               +--------+--------+--------+--------+--------+-----+--------+
         Total |  43094 |  41334 |   1760 |  16913 |  16506 |  28 | 1539.1 |
       Dungeon |  17473 |  16693 |    780 |   4705 |   8337 |  15 | 1164.9 |
        Temple |     15 |     15 |      0 |      0 |      0 |   1 |   15.0 |
          Lair |  14216 |  13558 |    658 |   6009 |   5554 |   6 | 2369.3 |
        Shoals |   7225 |   7080 |    145 |   4015 |   1727 |   4 | 1806.2 |
  Orcish Mines |   4162 |   3987 |    175 |   2183 |    888 |   2 | 2081.0 |
               +--------+--------+--------+--------+--------+-----+--------+

Top non-repeatable levels by time:
  Lair:4: 3271 daAuts
  Lair:6: 2932 daAuts
   Orc:2: 2511 daAuts
  Lair:3: 2490 daAuts
  Lair:1: 2302 daAuts
Shoals:1: 2288 daAuts
Shoals:3: 2260 daAuts
    D:11: 2118 daAuts
     D:8: 1806 daAuts
  Lair:5: 1690 daAuts
    D:12: 1658 daAuts
   Orc:1: 1651 daAuts
    D:10: 1612 daAuts
  Lair:2: 1527 daAuts
Shoals:4: 1428 daAuts
